 Dungeon Crawl Stone Soup version 0.32-a0-519-g08f29ac1c3 (webtiles) character file.

Game seed: 9680467035694788533

145896 Xenophilius the Marksspriggan (level 16, -33/86 HPs)
             Began as a Spriggan Cinder Acolyte on Feb 28, 2024.
             Was a High Priest of Ignis.
             Blown up by an orb spider (54 damage)
             ... with an orb of destruction
             ... led by a broodmother
             ... on level 2 of the Spider Nest.
             The game lasted 03:25:25 (44814 turns).

Xenophilius the Marksspriggan (SpCA)               Turns: 44814, Time: 03:25:27

Health: -33/86     AC:  3    Str:  8    XL:     16   Next: 88%
Magic:  24/31      EV: 39    Int: 29    God:    Ignis [*****.]
Gold:   1488       SH:  0    Dex: 22    Spells: 10/35 levels left

rFire   + . .        b - +9 dagger of Chagrin {flame, Int+9}
rCold   + . .        (no shield)
rNeg    . . .        D - +2 robe {rC+}
rPois   .            o - +0 hat "Alahi" {Will+ rCorr Str-2 Int+2}
rElec   .            R - +0 cloak
rCorr   +            (gloves unavailable)
SInv    +            (boots unavailable)
Will    +++..        d - amulet of regeneration
Stlth   +++++        v - +6 ring of dexterity
HPRegen 1.14/turn    S - +5 ring of evasion
MPRegen 0.22/turn

%: no passive effects
@: corroded, very quick
A: very small, no large weapons, unfitting armour, see invisible, speed 3,
antennae 1
a: Renounce Religion, Fiery Armour, Foxfire Swarm, Rising Flame


You were on level 2 of the Spider Nest.
You worshipped Ignis.
Ignis was extremely pleased with you.
You visited 4 branches of the dungeon, and saw 24 of its levels.
You also visited: Volcano.

You collected 2566 gold pieces.
You spent 1078 gold pieces at shops.

Inventory:

Hand Weapons
 a - the +7 shortbow of Balance {elec, *Slow rN+ Str+4 Int+5}
   (You found it on level 5 of the Lair of Beasts)

   Str+4:     It affects your strength (+4).
   Int+5:     It affects your intelligence (+5).
   rN+:       It protects you from negative energy.
   *Slow:     It may slow you when you take damage.
 b - the +9 dagger of Chagrin (weapon) {flame, Int+9}
   (You bought it in a shop on level 2 of the Orcish Mines)

   Int+9:     It affects your intelligence (+9).
 w - the +8 arbalest "Ziecea" {penet, rPois rN+ Stlth+}
   (You found it on level 14 of the Dungeon)

   rPois:     It protects you from poison rN+: It protects you from negative
   energy.
   Stlth+:    It makes you more stealthy.
Missiles
 B - 2 throwing nets
 Z - 8 curare-tipped darts
Armour
 o - the +0 hat "Alahi" (worn) {Will+ rCorr Str-2 Int+2}
   (You found it on level 3 of the Lair of Beasts)

   Str-2:     It affects your strength (-2).
   Int+2:     It affects your intelligence (+2).
   Will+:     It increases your willpower.
   rCorr:     It protects you from acid and corrosion.
 D - a +2 robe of cold resistance (worn)
 R - a +0 cloak (worn)
Jewellery
 d - an amulet of regeneration (around neck)
 e - the ring "Vuteoqoe" {rElec rC+ rN+}
   (You found it on level 2 of the Orcish Mines)

   [ring of protection from cold]

   rC+:       It protects you from cold.
   rElec:     It insulates you from electricity.
   rN+:       It protects you from negative energy.
 s - a ring of protection from fire
 v - a +6 ring of dexterity (left hand)
 y - a ring of positive energy
 C - a ring of willpower
 S - a +5 ring of evasion (right hand)
 U - a ring of poison resistance
Wands
 k - a wand of flame (63)
 u - a wand of paralysis (8)
 E - a wand of quicksilver (12)
 H - a wand of mindburst (3)
 K - a wand of digging (13)
 M - a wand of polymorph (17)
 Q - a wand of roots (5)
Scrolls
 f - 4 scrolls of vulnerability
 g - 3 scrolls of fog
 n - 4 scrolls of fear
 p - 3 scrolls of blinking
 z - 8 scrolls of teleportation
 F - 3 scrolls of enchant weapon
 G - 3 scrolls of noise
 J - a scroll of summoning
 L - 3 scrolls of immolation
 N - 3 scrolls of revelation
 P - 2 scrolls of enchant armour
 T - 5 scrolls of poison
 X - 3 scrolls of identify
 Y - 2 scrolls of torment
Potions
 c - 2 potions of ambrosia
 h - 16 potions of curing
 i - 2 potions of lignification
 j - 2 potions of magic
 l - 7 potions of might
 m - 5 potions of attraction
 q - 5 potions of cancellation
 r - 2 potions of invisibility
 t - 7 potions of haste
 x - a potion of brilliance
 A - 6 potions of heal wounds
 I - 8 potions of enlightenment
 V - 4 potions of mutation
 W - a potion of resistance
Miscellaneous
 O - a tin of tremorstones (2/2)


   Skills:
 + Level 10.8 Fighting
 - Level 3.3 Short Blades
 - Level 18.0 Ranged Weapons
 + Level 17.6 Dodging
 - Level 10.0 Stealth
 - Level 10.0 Spellcasting
 - Level 4.0 Conjurations
 - Level 8.0 Hexes
 - Level 12.0 Translocations
 - Level 2.4 Fire Magic
 - Level 8.0 Alchemy
 - Level 6.0 Evocations


You had 10 spell levels left.
You knew the following spells:

 Your Spells              Type           Power      Damage    Failure   Level
d - Tukima's Dance        Hex            57%        N/A       1%          3
g - Passage of Golubria   Tloc           71%        N/A       1%          4
u - Dimensional Bullseye  Hex/Tloc       32%        N/A       1%          4
B - Blink                 Tloc           100%       N/A       1%          2
F - Cause Fear            Hex            28%        N/A       1%          4
M - Iskenderun's Mystic   Conj/Tloc      57%        2d12      1%          4
O - Olgreb's Toxic Radia  Alch           57%        N/A       1%          4

Your spell library contained the following spells:

 Spells                   Type           Power      Damage    Failure   Level
 Sting                    Conj/Alch      100%       1d9       1%          1
 Lesser Beckoning         Tloc           100%       N/A       1%          2
 Mercury Vapours          Alch/Air       74%        N/A       1%          2
 Momentum Strike          Conj/Tloc      100%       3d10      1%          2
 Gell's Gravitas          Tloc           71%        N/A       1%          3
 Sigil of Binding         Hex            57%        N/A       1%          3
 Teleport Other           Tloc           71%        N/A       1%          3
 Volatile Blastmotes      Fire/Tloc      100%       2d18      1%          3
 Scorch                   Fire           56%        2d7       2%          2
 Static Discharge         Conj/Air       52%        3-6/arc   2%          2
 Necrotise                Necr           56%        1d6       3%          1
 Fulminant Prism          Conj/Alch      24%        3d12      3%          4
 Yara's Violent Unravell  Hex/Alch       28%        3d12      3%          5
 Anguish                  Hex/Necr       18%        N/A       7%          4
 Call Canine Familiar     Summ           14%        N/A       11%         3
 Vampiric Draining        Necr           14%        2d7       11%         3
 Airstrike                Air            7%         2d(1-17)  36%         4
 Martyr's Knell           Necr/Summ      14%        N/A       36%         4
 Summon Lightning Spire   Summ/Air       14%        N/A       36%         4
 Curse of Agony           Necr           14%        N/A       71%         5
 Enfeeble                 Hex            28%        N/A       75%         7


Dungeon Overview and Level Annotations

Branches:
Dungeon (15/15)            Temple (0/1) D:4            Lair (5/5) D:9
  Swamp (0/4) Lair:2       Spider (2/4) Lair:2        Slime (0/5) Lair:5
    Orc (2/2) D:10            Elf (0/3) Orc:2        Vaults (0/5) D:13
 Depths (0/4) D:15        Volcano (visited)

Altars:
Ashenzari
Dithmenos
Elyvilon
Fedhas
Gozag
Kikubaaqudgha
Makhleb
Nemelex Xobeh
Okawaru
Trog
Uskayaw
Vehumet
Xom
Yredelemnul
Zin
Beogh
Jiyva

Shops:
D:6 ?=*([   D:8 ?   Orc:2 [([=?


Innate Abilities, Weirdness & Mutations

You are very small and have problems with some larger weapons.
You are too small for most types of armour.
You have supernaturally acute eyesight. (SInv)
You cover ground extremely quickly. (Speed+++)
You have a pair of small antennae on your head.


Message History

Unknown command.
Unknown command.
Unknown command.
Unknown command.
The wolf spider is poisoned.
The entropy weaver is poisoned.
The orb spider is poisoned.
The culicivora looks even sicker.
The wolf spider looks even sicker.
You kill the jumping spider!
The jumping spider completely misses you. x2
The orb spider spins a strand of pure energy.
The jumping spider barely misses you.
The jumping spider completely misses you.
Unknown command.
Unknown command.
The jumping spider looks even sicker.
The tarantella is poisoned.
You kill the redback!
The tarantella is poisoned.
The orb spider looks as sick as possible!
The wolf spider looks even sicker.
Your toxic aura wanes.
The entropy weaver casts a spell at you.
The entropic weave corrodes you!
The orb spider weaves a glowing orb of energy.
The jumping spider completely misses you.
The jumping spider barely misses you. The wolf spider hits you!!
The wolf spider bites you!
The orb spider weaves a glowing orb of energy.
Training target 8.0 for Hexes reached!
Your Hexes skill increases to level 8!
You need to enable at least one skill for training. 2 orbs of destruction come into view.
The culicivora chitters at the wolf spider.
The wolf spider is healed somewhat.
The jumping spider pounces on you! The jumping spider misses you.
The wolf spider completely misses you. The wolf spider bites you!
* * * LOW HITPOINT WARNING * * *
The orb of destruction hits you!!!
Ouch! That really hurt!
You die...
Ignis goes out, and joins you in death.

... .# #. . ... ....#..
... ....#. ...#. ......#
.. ......
.#...![..##.#... ......
....#......... .##.....#
.#y.......#[...s.......#
...<.........#.#☼....# .
.^#....#......!s○..#....
. ...#....^ #.@ss.....
^..#. .^...B...†.......
.....^. ....#.s...†.....
........ ...........#...
..#^. .....^...#ss......
................†..*#.#.
.........#○....
#...#.....s....


You could see an entropy weaver (poisoned), 2 wolf spiders, 2 orb spiders, a
culicivora (very poisoned), a jumping spider (very poisoned) and 2 tarantellas.

Vanquished Creatures
  Rupert (D:15)
  A sphinx (D:12)
  2 frost giants (D:12)
  An emperor scorpion (D:15)
  A broodmother (Spider:1)
  2 orc warlords
  The ghost of Nebesus the Unseen, a journeyman KoBe of Trog (Orc:2)
  The ghost of inmateoo the Cleaver, a journeyman MDFi of Trog (D:13)
  The ghost of Cyalech the Warrior, a journeyman MiFi of Cheibriados (Lair:3)
  The ghost of TobyConnect the Fighter, a journeyman OpFi of Gozag (Lair:2)
  2 dire elephants
  The ghost of bottledwater03 the Marksgoblin, a journeyman CoWr of the Shining One (D:15)
  A catoblepas (Lair:5)
  The ghost of NoMoreGames the Fighter, a journeyman HuAr of Uskayaw (D:9)
  Erolcha (D:11)
  7 centaur warriors
  2 ghost crabs (Lair:2)
  8 hydras
  7 boulder beetles
  A deep troll earth mage (D:12)
  3 tengu warriors
  9 two-headed ogres
  A deep troll shaman (Lair:5)
  15 death yaks
  An orc high priest (Orc:2)
  Urug (Lair:5)
  Nergalle (Orc:1)
  7 hell knights (D:12)
  3 skeletal warriors (Volcano)
  3 skysharks
  A spectral catoblepas (Lair:2)
  4 pharaoh ants
  An orb spider (Spider:1)
  3 arcanists
  2 sun moths (Spider:1)
  A lindwurm (Lair:5)
  A harpy (shapeshifter) (D:14)
  2 steelbarb worms (Spider:1)
  2 spectral hydras (Lair:2)
  An anaconda skeleton (Volcano)
  3 necromancers (D:12)
  3 orc sorcerers
  2 orc knights
  6 wolf spiders
  3 ugly things
  7 cyclopes
  2 deep elf pyromancers
  A salamander (D:15)
  5 manticores
  3 moths of wrath
  5 meliai
  A black mamba (shapeshifter) (D:8)
  2 kobold blastminers (Orc:2)
  An alligator skeleton (Volcano)
  5 black mambas
  16 elephants
  3 torpor snails
  8 cane toads
  3 gargoyles
  7 rime drakes
  A rime drake (shapeshifter) (D:8)
  2 kobold demonologists
  2 tengu conjurers
  8 trolls
  A freezing wraith (D:15)
  11 komodo dragons
  8 polar bears
  3 hornets
  2 queen bees
  16 blink frogs
  7 tarantellas
  5 dream sheep (Lair:5)
  16 jumping spiders
  A vampire (D:12)
  22 slime creatures
  2 wraiths (D:12)
  2 shadows
  15 culicivoras
  3 centaur simulacra
  50 yaks
  6 wyverns
  5 neqoxecs (D:15)
  5 wargs
  A golden eye (D:10)
  3 vampire mosquitoes (D:13)
  4 basilisks
  21 redbacks
  Menkaure (D:6)
  A steam dragon (D:7)
  4 acid dragons
  A spectral cane toad (Lair:2)
  10 water moccasins
  7 hell hounds (D:12)
  A spectral polar bear (Lair:2)
  31 orc warriors
  4 black bears
  5 ice beasts
  2 laughing skulls (Volcano)
  5 ogres
  A spectral rime drake (Lair:2)
  14 wolves
  4 centaurs
  A phantom (D:5)
  A weeping skull (Volcano)
  3 kobold brigands
  A spectral water moccasin (Lair:2)
  3 gnoll sergeants
  6 scorpions
  18 bullfrogs
  9 wights
  37 killer bees
  2 troll skeletons (Volcano)
  2 spriggan skeletons (Volcano)
  A howler monkey (shapeshifter) (D:8)
  3 electric eels
  8 howler monkeys
  4 quasits (D:15)
  17 orc priests
  3 hounds
  A gnoll bouda (D:10)
  4 sleepcaps
  4 iguanas
  Natasha (thrice) (D:3 D:2)
  22 orc wizards
  23 gnolls
  8 adders
  A shadow imp (D:7)
  A white imp (D:11)
  2 ufetubi (D:5)
  A dart slug (D:3)
  2 ribbon worms
  67 orcs
  4 ball pythons
  8 bats
  5 endoplasms
  2 giant cockroaches (D:1)
  10 goblins
  4 hobgoblins
  4 jackals (D:4)
  4 quokkas
  5 frilled lizards
  20 kobolds
  5 rats
833 creatures vanquished.

Vanquished Creatures (collateral kills)
  3 two-headed ogres (D:9)
  2 gargoyles
5 creatures vanquished.

Vanquished Creatures (others)
  4 dancing weapons
  A human (D:5)
5 creatures vanquished.

Grand Total: 843 creatures vanquished

Notes
Turn   | Place    | Note
-------+----------+-------------------------------------------
     0 | D:1      | Xenophilius the Spriggan Cinder Acolyte began the quest for
                  | the Orb.
     0 | D:1      | Reached XP level 1. HP: 11/11 MP: 3/3
   119 | D:1      | Reached skill level 1 in Stealth
   276 | D:1      | Reached XP level 2. HP: 16/16 MP: 5/5
   995 | D:2      | Reached skill level 1 in Dodging
  1014 | D:2      | Reached XP level 3. HP: 16/19 MP: 6/6
  1258 | D:2      | Reached skill level 1 in Ranged Weapons
  1915 | D:3      | Found an opulent altar of Gozag.
  1955 | D:3      | Reached skill level 2 in Ranged Weapons
  1955 | D:3      | Reached XP level 4. HP: 23/23 MP: 7/7
  2281 | D:3      | Found a faded altar of an unknown god.
  2597 | D:4      | Noticed a scorpion
  2621 | D:4      | Found a staircase to the Ecumenical Temple.
  2621 | D:4      | Noticed Natasha
  2624 | D:4      | Noticed a black bear
  2720 | D:3      | Killed a black bear
  2721 | D:3      | Reached skill level 3 in Ranged Weapons
  2721 | D:3      | Reached XP level 5. HP: 27/27 MP: 8/8
  2805 | D:3      | Reached skill level 4 in Ranged Weapons
  2966 | D:4      | Noticed a black bear
  2992 | D:4      | Killed a black bear
  2993 | D:4      | Reached skill level 5 in Ranged Weapons
  2993 | D:4      | Reached XP level 6. HP: 32/32 MP: 9/9
  3638 | D:3      | Killed Natasha
  3644 | D:3      | Found an opulent altar of Gozag.
  3785 | D:3      | Noticed Natasha
  3882 | D:2      | Killed Natasha
  3883 | D:2      | Reached skill level 6 in Ranged Weapons
  4053 | D:3      | Found a faded altar of an unknown god.
  4148 | D:2      | Noticed Natasha
  4205 | D:2      | Killed Natasha
  4206 | D:2      | Reached skill level 1 in Evocations
  4417 | D:4      | Reached XP level 7. HP: 30/35 MP: 10/10
  4581 | D:5      | Entered Level 5 of the Dungeon
  4832 | D:5      | Found a radiant altar of Vehumet.
  4961 | D:5      | Reached skill level 5 in Dodging
  5217 | D:5      | Found an iron altar of Okawaru.
  5550 | D:5      | Found an ancient bone altar of Kikubaaqudgha.
  5550 | D:5      | Noticed a human
  5554 | D:5      | Killed a human
  5854 | D:5      | Reached skill level 7 in Ranged Weapons
  6160 | D:4      | Reached XP level 8. HP: 39/39 MP: 11/11
  6301 | D:4      | Reached skill level 8 in Ranged Weapons
  6772 | D:6      | Found Fiesaf's General Store.
  6784 | D:6      | Bought a scroll of identify for 24 gold pieces
  6889 | D:6      | Found a bloodstained altar of Trog.
  6907 | D:6      | Found Zesut's Antique Armour Shop.
  6914 | D:6      | Bought a glowing robe for 92 gold pieces
  6957 | D:6      | Found Goafogit's Weapon Boutique.
  6994 | D:6      | Found Uroidab's Magic Scroll Emporium.
  7000 | D:6      | Bought a scroll of blinking for 90 gold pieces
  7000 | D:6      | Bought a scroll of identify for 24 gold pieces
  7000 | D:6      | Bought a scroll of identify for 24 gold pieces
  7379 | D:6      | Bought a scroll of identify for 24 gold pieces
  7433 | D:6      | Noticed Menkaure
  7463 | D:6      | Found Siveofeh's Jewellery Shop.
  7581 | D:6      | Found a broken altar of Ashenzari.
  7922 | D:7      | Learned a level 4 spell: Passage of Golubria
  7925 | D:7      | Found a sparkling altar of Nemelex Xobeh.
  7940 | D:7      | Found a shadowy altar of Dithmenos.
  8516 | D:7      | Reached skill level 9 in Ranged Weapons
  8568 | D:7      | Reached XP level 9. HP: 42/44 MP: 12/12
  9263 | D:7      | Reached skill level 10 in Ranged Weapons
  9868 | D:7      | Reached skill level 5 in Stealth
 10195 | D:8      | Noticed a two-headed ogre
 10350 | D:6      | Bought a scroll of immolation for 48 gold pieces
 10561 | D:8      | Reached skill level 11 in Ranged Weapons
 10725 | D:8      | Killed a two-headed ogre
 10726 | D:8      | Reached XP level 10. HP: 49/49 MP: 13/13
 10769 | D:8      | Found Tierpheag's Magic Scroll Shop.
 10777 | D:8      | Bought a scroll of identify for 26 gold pieces
 10777 | D:8      | Bought a scroll of identify for 26 gold pieces
 10777 | D:8      | Bought a scroll of identify for 26 gold pieces
 11124 | D:8      | Found a shimmering altar of Xom.
 11325 | D:8      | Noticed a cyan ugly thing
 11415 | D:8      | Noticed a deep elf pyromancer
 11584 | D:7      | Killed a cyan ugly thing
 11585 | D:7      | Reached skill level 12 in Ranged Weapons
 12312 | D:8      | Killed a deep elf pyromancer
 12622 | D:8      | Found a shimmering altar of Xom.
 12640 | D:8      | Found Tierpheag's Magic Scroll Shop.
 12954 | D:8      | Noticed a boulder beetle
 12963 | D:8      | Reached skill level 5 in Translocations
 13433 | D:8      | Noticed a tengu warrior
 13654 | D:8      | Killed a tengu warrior
 13659 | D:8      | Learned a level 3 spell: Tukima's Dance
 13721 | D:8      | Noticed a cane toad
 13757 | D:8      | Noticed an entropy weaver
 13931 | D:9      | Reached skill level 5 in Spellcasting
 13961 | D:8      | Reached skill level 1 in Hexes
 14200 | D:9      | Reached XP level 11. HP: 53/53 MP: 19/19
 14268 | D:9      | Noticed a two-headed ogre
 15245 | D:9      | Killed a two-headed ogre
 15738 | D:9      | Found a staircase to the Lair.
 15754 | D:9      | Noticed a two-headed ogre
 15776 | D:9      | Killed a two-headed ogre
 15777 | D:9      | Reached skill level 10 in Stealth
 15889 | D:9      | Found a burning altar of Makhleb.
 15891 | D:9      | Found a basalt altar of Yredelemnul.
 16805 | D:10     | Entered Level 10 of the Dungeon
 16810 | D:10     | Noticed a two-headed ogre
 16810 | D:10     | Found a hide-covered altar of Uskayaw.
 16842 | D:9      | Killed a two-headed ogre
 16843 | D:9      | Reached skill level 10 in Dodging
 16952 | D:10     | Found a staircase to the Orcish Mines.
 17376 | D:10     | Found a glowing silver altar of Zin.
 18226 | D:11     | Noticed Erolcha
 18242 | D:11     | Killed Erolcha
 18480 | D:11     | Reached skill level 5 in Hexes
 18858 | D:10     | Found a runed translucent gate.
 18858 | D:10     | Found a runed translucent gate.
 18858 | D:10     | Found a runed translucent gate.
 18858 | D:10     | Noticed a nine-headed hydra
 18858 | D:10     | Noticed NoMoreGames's ghost (journeyman HuAr)
 18859 | D:10     | Noticed an 11-headed hydra
 19145 | D:10     | Killed an 11-headed hydra
 19146 | D:10     | Reached skill level 5 in Fighting
 19428 | D:10     | Killed a nine-headed hydra
 19429 | D:10     | Reached XP level 12. HP: 48/60 MP: 22/22
 19464 | D:10     | Found a blossoming altar of Fedhas.
 19577 | D:10     | Found a staircase to the Orcish Mines.
 19588 | D:10     | Found a blossoming altar of Fedhas.
 19621 | D:10     | Found a hide-covered altar of Uskayaw.
 19694 | D:10     | Found a glowing silver altar of Zin.
 20756 | D:11     | Identified the +0 ring mail of the Valley of Death {Harm
                  | rN++ Will- Dex+3}
 20867 | D:11     | Learned a level 4 spell: Olgreb's Toxic Radiance
 21027 | D:11     | Reached skill level 1 in Alchemy
 21390 | Lair:1   | Entered Level 1 of the Lair of Beasts
 21400 | Lair:1   | You fall into a shaft and drop 1 floor!
 21487 | Lair:2   | Noticed Sonja
 21490 | Lair:2   | Sonja changed into Sonja the wyvern
 21490 | Lair:2   | Noticed Sonja
 21593 | Lair:3   | Found a transporter.
 21598 | Lair:3   | Noticed Cyalech's ghost (journeyman MiFi)
 21606 | Lair:3   | Noticed a death yak
 21610 | Lair:3   | Noticed a death yak
 21669 | Lair:3   | Found a transporter.
 22221 | Lair:2   | Killed Sonja the wyvern
 22391 | Lair:2   | Found a hole to the Spider Nest.
 22474 | Lair:2   | Noticed TobyConnect's ghost (journeyman OpFi)
 22480 | Lair:2   | Found a transporter.
 22484 | Lair:2   | Found a transporter.
 22777 | Lair:1   | Reached skill level 5 in Alchemy
 23820 | Lair:1   | Reached skill level 5 in Evocations
 24098 | Lair:1   | Reached skill level 13 in Ranged Weapons
 24102 | Lair:1   | Reached XP level 13. HP: 63/63 MP: 12/26
 25398 | Lair:2   | Reached skill level 14 in Ranged Weapons
 25403 | Lair:2   | Learned a level 4 spell: Dimensional Bullseye
 25862 | Lair:2   | Found a staircase to the Swamp.
 27299 | Lair:3   | Identified the +0 hat "Alahi" {Will+ rCorr Str-2 Int+2}
 28365 | Lair:4   | Learned a level 2 spell: Blink
 28370 | Lair:4   | Learned a level 4 spell: Iskenderun's Mystic Blast
 28871 | Lair:4   | Reached skill level 1 in Conjurations
 29426 | Lair:4   | Reached XP level 14. HP: 72/72 MP: 17/27
 29660 | Lair:5   | Entered Level 5 of the Lair of Beasts
 29707 | Lair:5   | Reached skill level 10 in Translocations
 29893 | Lair:5   | Found a viscous altar of Jiyva.
 29894 | Lair:5   | Found a staircase to the Slime Pits.
 30070 | Lair:5   | Noticed Urug
 30099 | Lair:5   | Killed Urug
 30651 | Lair:5   | Reached skill level 10 in Spellcasting
 31275 | Lair:5   | Identified the +7 shortbow of Balance {elec, *Slow rN+
                  | Str+4 Int+5}
 31288 | Lair:5   | Identified the +0 plate armour of Filth {rF+ rC- rCorr
                  | Dex+3}
 32498 | D:6      | Killed Menkaure
 32964 | D:9      | Killed NoMoreGames's ghost
 33019 | Orc:1    | Entered Level 1 of the Orcish Mines
 33158 | Orc:1    | Noticed an orc warlord
 33228 | Orc:1    | Killed an orc warlord
 33264 | Orc:1    | Found a roughly hewn altar of Beogh.
 33289 | Orc:1    | Found a dark tunnel.
 33367 | Volcano  | Entered a volcano
 33557 | Volcano  | Reached XP level 15. HP: 42/78 MP: 27/30
 33830 | Volcano  | Reached skill level 15 in Dodging
 34285 | Orc:1    | Noticed Nergalle
 34293 | Orc:1    | Killed Nergalle
 34531 | Orc:2    | Entered Level 2 of the Orcish Mines
 34762 | Orc:2    | Found a staircase to the Elven Halls.
 34994 | Orc:2    | Found a transporter.
 34995 | Orc:2    | Noticed Nebesus's ghost (journeyman KoBe)
 34999 | Orc:2    | Identified the +1 dire flail "Virhunn" {holy, Fly rN+ Will+
                  | Dex+2}
 34999 | Orc:2    | Identified the +4 dire flail of Qeycs {flame, rPois rN+
                  | Dex+2}
 35000 | Orc:2    | Found a transporter.
 35024 | Orc:2    | Found a roughly hewn altar of Beogh.
 35103 | Orc:2    | Found a roughly hewn altar of Beogh.
 35109 | Orc:2    | Found Deycs's Jewellery Shop.
 35146 | Orc:2    | Found Coamm's Magic Scroll Emporium.
 35163 | Orc:2    | Bought a scroll of identify for 32 gold pieces
 35254 | Orc:2    | Found a roughly hewn altar of Beogh.
 35457 | Orc:2    | Found a roughly hewn altar of Beogh.
 35458 | Orc:2    | Found Nusuvveng's Armour Shop.
 35559 | Orc:2    | Found a roughly hewn altar of Beogh.
 35599 | Orc:2    | Found a roughly hewn altar of Beogh.
 36028 | Orc:2    | Found Jech's Antique Armour Shoppe.
 36029 | Orc:2    | Found a roughly hewn altar of Beogh.
 36030 | Orc:2    | Found Xethon Buse's Antique Weapon Emporium.
 36046 | Orc:2    | Bought a bloodstained dagger for 210 gold pieces
 36046 | Orc:2    | Identified the +9 dagger of Chagrin {flame, Int+9} (You
                  | bought it in a shop on level 2 of the Orcish Mines)
 36227 | D:6      | Bought a +6 ring of dexterity for 432 gold pieces
 36382 | D:12     | Noticed a frost giant
 36447 | D:12     | Killed a frost giant
 36522 | D:12     | Identified the +9 falchion of Kaibbu {drain, rC+ rCorr
                  | Int+2}
 37417 | D:12     | Reached skill level 10 in Fighting
 37491 | D:12     | Identified the +2 long sword of the Thoughtful Wars {pain,
                  | Int+5}
 37987 | D:12     | Noticed a frost giant
 38039 | D:12     | Killed a frost giant
 38115 | D:12     | Learned a level 4 spell: Cause Fear
 38217 | D:12     | Noticed a sphinx
 38269 | D:12     | Killed a sphinx
 38836 | D:13     | You fall into a shaft and drop 2 floors!
 38836 | D:15     | Entered Level 15 of the Dungeon
 38861 | D:15     | Found a white marble altar of Elyvilon.
 39121 | D:14     | Identified the +8 arbalest "Ziecea" {penet, rPois rN+
                  | Stlth+}
 39606 | D:13     | Reached XP level 16. HP: 86/86 MP: 31/31
 39660 | D:13     | Reached skill level 15 in Ranged Weapons
 39800 | D:13     | Found a runed translucent door.
 39801 | D:13     | Noticed inmateoo's ghost (journeyman MDFi)
 39880 | D:13     | Killed inmateoo's ghost
 39922 | D:13     | Found a gate to the Vaults.
 40098 | D:13     | Identified the +5 battleaxe of the Narrow God {pain, ^Drain
                  | rElec rF+++ Dex+6}
 40651 | D:15     | Found a transporter.
 40665 | D:15     | Noticed bottledwater03's ghost (journeyman CoWr)
 40677 | D:15     | Found a transporter.
 41130 | D:15     | Found a staircase to the Depths.
 41236 | D:15     | Identified the maw talisman of Zaboiw {Int+4}
 41236 | D:15     | Noticed Rupert
 41301 | D:15     | Killed Rupert
 41302 | D:15     | Reached skill level 16 in Ranged Weapons
 41523 | D:15     | Gained mutation: You have a pair of small antennae on your
                  | head. [a neqoxec]
 41796 | D:15     | Identified the ring "Ross" {^Contam rN+ Str+5 Int+6 Stlth+}
 41827 | D:15     | Killed bottledwater03's ghost
 42208 | Lair:2   | Killed TobyConnect's ghost
 42377 | Lair:3   | Killed Cyalech's ghost
 42872 | Orc:2    | Killed Nebesus's ghost
 42921 | Orc:2    | Identified the ring "Vuteoqoe" {rElec rC+ rN+}
 43095 | Spider:1 | Entered Level 1 of the Spider Nest
 43106 | Lair:2   | Reached skill level 17 in Ranged Weapons
 44400 | Spider:2 | Reached skill level 18 in Ranged Weapons
 44568 | Spider:2 | HP: 3/86 [disintegration[a broodmother] (60)]
 44814 | Spider:2 | Blown up by an orb spider

Illustrated notes

Levels and vault maps discovered:
D:1:      zelgadis_glass_arrival_small, layout_basic,
          chequers_serial_rivers_room_a
D:2:      layout_basic
D:3:      layout_rooms, nicolae_gozag_seed_capital, shapermc_ecumenical_altar_gd
D:4:      layout_gridville, minmay_temple_entry_steel_oval, uniq_natasha
D:5:      layout_loops_cross, tgw_kikubaaqudgha, okawaru_trees_2,
          vehumet_altar_wand_db
D:6:      layout_loops_ring, mainiacjoe_overflow_swirl, serial_shops,
          shop_fountains, nicolae_diamond_shop, shop,
          nicolae_shop_bloodbath_and_beyond, shop, minmay_misc_feat_roman,
          serial_bayou_crossing, uniq_menkaure
D:7:      layout_gridville, nicolae_overflow_crystal_walls,
          amcnicky_altar_gilded
D:8:      hellmonk_ruined_rings, layout_basic, mainiacjoe_overflow_chevrons,
          serial_shops, shop_statue, minmay_evil_grid
D:9:      layout_irregular_city, chequers_temple_overflow_statue_of_worship,
          dpeg_oklobed_lair
D:10:     layout_cave_pools, zin_treasury, fedhas_altar_fruit_tree,
          eat_drink_and_be_merry_uskayaw, gammafunk_ghost_hydra_chop,
          serial_column_ruins, column_ruins_square_medium,
          column_ruins_hut_ruined, column_ruins_open_tiny,
          column_ruins_open_small, column_ruins_columns_corner,
          column_ruins_columns_corner, column_ruins_grid_1,
          serial_library_hellmonk_long_bookcase, kennysheep_flooded_box,
          dreamdust_princess_corridor, nicolae_looking_at_the_future
D:11:     layout_long_grid, serial_ice, serial_ice_f, serial_ice_k,
          serial_ice_c, serial_ice_b, serial_ice_m, serial_ice_d,
          hangedman_decor_push, nrook_pool_corridor, uniq_erolcha
D:12:     minmay_chopped_fan, layout_loops_corners, minmay_rotating_lava
D:13:     layout_rooms, david_vaults_1, ebering_ghost_reflecting_pool
D:14:     layout_basic, nicolae_tricolors, interstate_on_off,
          hangedman_decor_peaks_small
D:15:     hangedman_depths_entry_try_elsewhere_first, layout_grid_maze,
          elyvilon_altar_5, gammafunk_ghost_stat_death, uniq_rupert
Lair:1:   layout_long_grid
Lair:2:   layout_cave_shapes, nicolae_swamp_entry_spooky,
          nicolae_spider_entry_lesser_pyramids, gammafunk_ghost_hive,
          patterned_corridor, serial_bayou_shore_b, uniq_sonja
Lair:3:   layout_gridlike, gammafunk_ghost_berserking_beasts, grunt_megastairs_4
Lair:4:   layout_gridlike
Lair:5:   grunt_lair_end_beastmaster, layout_loops_ring,
          dpeg_slime_entry_enclosed, nicolae_quartered_pool_super,
          serial_bayou_ford_a, uniq_urug
Spider:1: layout_spider_delve
Spider:2: layout_spider_delve, hangedman_spider_tarantella_strand
Orc:1:    layout_caves, nicolae_volcano_entry_lava_flow, basic_altar,
          uniq_nergalle
Orc:2:    grunt_orc_community_town_hall, layout_caves,
          grunt_orc_community_big_house_2, grunt_orc_community_big_house_1,
          grunt_orc_community_house_1, grunt_orc_community_house_2,
          grunt_orc_community_house_3, grunt_orc_community_house_3, basic_altar,
          gammafunk_ghost_smash, serial_shops, shop

Skill      XL: |  1  2  3  4  5  6  7  8  9 10 11 12 13 14 15 16 |
---------------+-------------------------------------------------+-----
Stealth        | 2 4 7 8 10 | 10.0
Dodging        | 1 2 3 5 8 9 11 13 14 17 | 17.6
Ranged Weapons | 2 3 5 6 7 9 11 12 13 14 18 | 18.0
Evocations     | 2 4 6 |  6.0
Fighting       | 3 4 5 7 8 10 | 10.8
Spellcasting   | 5 6 8 10 | 10.0
Translocations | 7 9 12 | 12.0
Hexes          | 3 6 8 |  8.0
Alchemy        | 8 |  8.0
Conjurations   | 1 4 |  4.0
Short Blades   | |  3.3
Fire Magic     | |  2.4

Action                     |  1- 3 |  4- 6 |  7- 9 | 10-12 | 13-15 | 16-18 || total
---------------------------+-------+-------+-------+-------+-------+-------++-------
  Melee: Short sword       |    76 |       |       |       |       |       ||    76
         Dagger            |     8 |     2 |    42 |    50 |    27 |       ||   129
         Staff             |       |       |       |       |    14 |       ||    14
   Fire: Orcbow            |    54 |   171 |   555 |  1870 |   660 |       ||  3310
         Shortbow          |       |       |       |       |   905 |   421 ||  1326
         Arbalest          |       |       |       |       |     3 |    83 ||    86
   Cast: Tukima's Dance    |       |       |       |    15 |     7 |       ||    22
         Passage of Golubr |       |       |       |     2 |     8 |       ||    10
         Olgreb's Toxic Ra |       |       |       |    16 |   164 |    37 ||   217
         Iskenderun's Myst |       |       |       |       |     3 |     6 ||     9
         Blink             |       |       |       |       |     1 |    14 ||    15
         Dimensional Bulls |       |       |       |       |       |     2 ||     2
  Evoke: Wand              |       |       |       |    13 |     1 |       ||    14
    Use: Scroll            |       |       |    13 |     7 |     6 |     2 ||    28
         Potion            |       |       |       |     1 |       |       ||     1
   Stab: Sleeping          |    14 |     2 |     6 |     9 |    18 |       ||    49
 Armour: Robe              |    43 |    22 |    63 |   287 |   197 |    50 ||   662
  Dodge: Dodged            |    55 |    35 |   173 |  1023 |   640 |   317 ||  2243
         Repelled          |       |     2 |     2 |    16 |    35 |     3 ||    58

Table legend: (Time is in decaauts)
 A = Elapsed time spent in this place.
 B = Non-inter-level travel time spent in this place.
 C = Inter-level travel time spent in this place.
 D = Time resting spent in this place.
 E = Time spent auto-exploring this place.
 F = Levels seen in this place.
 G = Mean time per level.
                   A        B        C        D        E       F      G
               +--------+--------+--------+--------+--------+-----+--------+
         Total |  31762 |  28863 |   2899 |   6875 |   7468 |  25 | 1270.5 |
       Dungeon |  19780 |  17667 |   2113 |   3588 |   5081 |  15 | 1318.7 |
          Lair |   8363 |   7835 |    528 |   2418 |   1483 |   5 | 1672.6 |
   Spider Nest |   1160 |   1082 |     78 |    372 |    242 |   2 |  580.0 |
  Orcish Mines |   1958 |   1779 |    179 |    410 |    648 |   2 |  979.0 |
       Volcano |    499 |    499 |      0 |     86 |     13 |   1 |  499.0 |
               +--------+--------+--------+--------+--------+-----+--------+

Top non-repeatable levels by time:
     D:8: 3269 daAuts
  Lair:2: 2259 daAuts
     D:9: 2015 daAuts
  Lair:3: 1931 daAuts
    D:10: 1858 daAuts
  Lair:5: 1789 daAuts
     D:7: 1726 daAuts
    D:12: 1616 daAuts
   Orc:2: 1376 daAuts
     D:5: 1366 daAuts
  Lair:1: 1304 daAuts
    D:11: 1233 daAuts
     D:3: 1185 daAuts
Spider:1: 1125 daAuts
  Lair:4: 1078 daAuts
